| TOP OF THE 1ST |
|
Eugene Emeralds batting - Pitching for Hillsboro Hops : LHP Henry Torres
|
|
Pitching: LHP Henry Torres
|
|
|
Batting: RHB Hugo Torrez
|
0-0: Foul Ball, location: 2F 0-1: Called Strike 0-2: Ball 1-2: Strikes out swinging
|
|
Batting: RHB Ryan Bush
|
0-0: Fly out, F8 (Flyball, 8LM, EV 93.1 MPH)
|
|
Batting: RHB Taylor Garofalo
|
0-0: Fly out, F7 (Flyball, 7D, EV 100.6 MPH)
|
| Top of the 1st over - 0 runs, 0 hits, 0 errors, 0 left on base; Eugene 0 - Hillsboro 0 |
| BOTTOM OF THE 1ST |
|
Hillsboro Hops batting - Pitching for Eugene Emeralds : RHP Dwight Bean
|
|
Pitching: RHP Dwight Bean
|
|
|
Batting: RHB Brandon Joshua
|
0-0: Ground out U3 (Groundball, 34, EV 93.8 MPH)
|
|
Batting: LHB Soo-yeon Kym
|
0-0: Called Strike 0-1: Foul Ball, location: 2F 0-2: Ball 1-2: Foul Ball, location: 2F 1-2: Ball 2-2: Ball 3-2: SINGLE (Groundball, 34D, EV 102.5 MPH)
|
|
Batting: RHB Wen-hua Lei
|
0-0: Called Strike 0-1: 2-RUN HOME RUN (Line Drive, 7D, EV 111.9 MPH), Distance : 410 ft
|
|
Batting: RHB Ian Sousa
|
0-0: Called Strike 0-1: Ball 1-1: Foul Ball, location: 2F 1-2: Ball 2-2: Foul Ball, location: 2F 2-2: Fly out, F8 (Flyball, 8LM, EV 88.1 MPH)
|
|
Batting: RHB Josh Burrows
|
0-0: TRIPLE (Line Drive, 89XD, EV 108.1 MPH)
|
|
Batting: RHB Jeremy Adams
|
0-0: Ball 1-0: Ground out 6-3 (Groundball, 56D, EV 106.9 MPH)
|
| Bottom of the 1st over - 2 runs, 3 hits, 0 errors, 1 left on base; Eugene 0 - Hillsboro 2 |
| TOP OF THE 2ND |
|
Eugene Emeralds batting - Pitching for Hillsboro Hops : LHP Henry Torres
|
|
Batting: RHB Tim Long
|
0-0: Ball 1-0: Foul Ball, location: 2F 1-1: SINGLE (Groundball, 6MD, EV 105.0 MPH) (infield hit)
|
|
Batting: RHB Bill Holmes
|
0-0: Called Strike 0-1: Ball 1-1: Ball 2-1: SINGLE (Line Drive, 3D, EV 99.4 MPH) Tim Long to second
|
|
Batting: RHB Jerry Blas
|
0-0: Called Strike 0-1: Swinging Strike 0-2: Ball 1-2: Grounds into double play, 4-6-3 (Groundball, 4D, EV 97.5 MPH) Tim Long to third
|
|
Batting: RHB Roy Battist
|
0-0: Ball 1-0: Called Strike 1-1: Ball Wild Pitch! Tim Long scores 2-1: Foul Ball, location: 2F 2-2: Strikes out swinging
|
| Top of the 2nd over - 1 run, 2 hits, 0 errors, 0 left on base; Eugene 1 - Hillsboro 2 |
| BOTTOM OF THE 2ND |
|
Hillsboro Hops batting - Pitching for Eugene Emeralds : RHP Dwight Bean
|
|
Pitching: LHP Eddie Panagos
|
|
|
Batting: RHB Antonio Luisa
|
0-0: SINGLE (Groundball, 34D, EV 108.1 MPH)
|
|
Batting: LHB Ivan Cortez
|
0-0: Fielders Choice at 2nd, 3-6 (Groundball, 3, EV 86.9 MPH)
|
|
Batting: RHB Trevor Corey
|
0-0: Ball Ivan Cortez is caught stealing 2nd base 2-4 1-0: Called Strike 1-1: Called Strike 1-2: Strikes out swinging
|
| Bottom of the 2nd over - 0 runs, 1 hit, 0 errors, 0 left on base; Eugene 1 - Hillsboro 2 |
| TOP OF THE 3RD |
|
Eugene Emeralds batting - Pitching for Hillsboro Hops : LHP Henry Torres
|
|
Batting: RHB Josh Asch
|
0-0: Ball 1-0: Called Strike 1-1: Ball 2-1: Ball 3-1: Base on Balls
|
|
Batting: RHB Alvaro Romero
|
0-0: Fielders Choice at 2nd, 6-4 (Groundball, 6, EV 81.2 MPH)
|
|
Batting: RHB Hugo Torrez
|
0-0: Called Strike 0-1: Ball 1-1: Ball 2-1: Foul Ball, location: 2F 2-2: Strikes out swinging Alvaro Romero steals 2nd base Batter strikes out.
|
|
Batting: RHB Ryan Bush
|
0-0: Swinging Strike 0-1: Called Strike 0-2: Ball 1-2: Foul Ball, location: 2F 1-2: Strikes out swinging
|
| Top of the 3rd over - 0 runs, 0 hits, 0 errors, 1 left on base; Eugene 1 - Hillsboro 2 |
| BOTTOM OF THE 3RD |
|
Hillsboro Hops batting - Pitching for Eugene Emeralds : LHP Eddie Panagos
|
|
Batting: RHB Brandon Joshua
|
0-0: Called Strike 0-1: Swinging Strike 0-2: Ball 1-2: Foul Ball, location: 2F 1-2: Ball 2-2: Ground out 6-3 (Groundball, 6, EV 99.4 MPH)
|
|
Batting: LHB Soo-yeon Kym
|
0-0: Foul Ball, location: 2F 0-1: Ball 1-1: Ball 2-1: Swinging Strike 2-2: Ball 3-2: SINGLE (Groundball, 6D, EV 103.1 MPH)
|
|
Pitching: RHP Dustin Buckner
|
|
|
Batting: RHB Wen-hua Lei
|
0-0: Called Strike 0-1: Ball 1-1: Ball 2-1: Ball 3-1: Base on Balls Soo-yeon Kym to second
|
|
Batting: RHB Ian Sousa
|
0-0: Called Strike 0-1: Called Strike 0-2: Ball 1-2: TRIPLE (Flyball, 8LXD, EV 106.9 MPH) Soo-yeon Kym scores Wen-hua Lei scores
|
|
Batting: RHB Josh Burrows
|
0-0: Ball 1-0: Swinging Strike 1-1: Foul Ball, location: 2F 1-2: Ground out 6-3 (Groundball, 6, EV 101.9 MPH) Ian Sousa scores
|
|
Batting: RHB Jeremy Adams
|
0-0: Ball 1-0: SOLO HOME RUN (Flyball, 78XD, EV 116.9 MPH), Distance : 472 ft
|
|
Batting: RHB Antonio Luisa
|
0-0: Swinging Strike 0-1: Foul Ball, location: 2F 0-2: Hit by Pitch
|
|
Pitching: RHP Angel Pesina
|
|
|
Batting: LHB Ivan Cortez
|
0-0: Ball 1-0: Ball 2-0: Ground out 4-3 (Groundball, 4, EV 86.2 MPH)
|
| Bottom of the 3rd over - 4 runs, 3 hits, 0 errors, 1 left on base; Eugene 1 - Hillsboro 6 |
| TOP OF THE 4TH |
|
Eugene Emeralds batting - Pitching for Hillsboro Hops : LHP Henry Torres
|
|
Batting: RHB Taylor Garofalo
|
0-0: Ball 1-0: Foul Ball, location: 2F 1-1: Ball 2-1: Called Strike 2-2: Strikes out looking
|
|
Batting: RHB Tim Long
|
0-0: Ball 1-0: Called Strike 1-1: Ball 2-1: Foul Ball, location: 2F 2-2: Foul Ball, location: 2F 2-2: Ground out 4-3 (Groundball, 6MD, EV 89.4 MPH)
|
|
Batting: RHB Bill Holmes
|
0-0: Foul Ball, location: 2F 0-1: Ball 1-1: Foul Ball, location: 2F 1-2: Ball 2-2: Fly out, F7 (Flyball, 7S, EV 78.8 MPH)
|
| Top of the 4th over - 0 runs, 0 hits, 0 errors, 0 left on base; Eugene 1 - Hillsboro 6 |
| BOTTOM OF THE 4TH |
|
Hillsboro Hops batting - Pitching for Eugene Emeralds : RHP Angel Pesina
|
|
Batting: RHB Trevor Corey
|
0-0: Ball 1-0: Swinging Strike 1-1: SINGLE (Groundball, 56D, EV 96.9 MPH)
|
|
Batting: RHB Brandon Joshua
|
0-0: Swinging Strike 0-1: Ball 1-1: Ball Passed Ball! Trevor Corey to second 2-1: Ball 3-1: Ground out 6-3 (Groundball, 6, EV 89.4 MPH)
|
|
Batting: LHB Soo-yeon Kym
|
0-0: Ground out 4-3 (Groundball, 34, EV 82.5 MPH) Trevor Corey to third
|
|
Batting: RHB Wen-hua Lei
|
0-0: Foul Ball, location: 2F 0-1: Ball 1-1: Ball 2-1: Called Strike 2-2: Ball 3-2: DOUBLE (Line Drive, 9LS, EV 111.9 MPH) Trevor Corey scores
|
|
Pitching: RHP Carlos Zavala
|
|
|
Batting: RHB Ian Sousa
|
0-0: Ball 1-0: Called Strike 1-1: SINGLE (Groundball, 6MD, EV 96.9 MPH) Wen-hua Lei to third Runner from 3rd tries for Home, SAFE, throw by CF to home
|
|
Batting: RHB Josh Burrows
|
0-0: Ball Ian Sousa steals 2nd base 1-0: 2-RUN HOME RUN (Flyball, 9D, EV 106.2 MPH), Distance : 392 ft
|
|
Batting: RHB Jeremy Adams
|
0-0: Foul Ball, location: 2F 0-1: Foul Ball, location: 2F 0-2: Ball 1-2: Ball 2-2: Strikes out looking
|
| Bottom of the 4th over - 4 runs, 4 hits, 0 errors, 0 left on base; Eugene 1 - Hillsboro 10 |
| TOP OF THE 5TH |
|
Eugene Emeralds batting - Pitching for Hillsboro Hops : LHP Henry Torres
|
|
Batting: RHB Jerry Blas
|
0-0: Called Strike 0-1: Ball 1-1: Foul Ball, location: 2F 1-2: Ball 2-2: Ball 3-2: Foul Ball, location: 2F 3-2: DOUBLE (Flyball, 8RXD, EV 95.0 MPH)
|
|
Batting: RHB Roy Battist
|
0-0: Called Strike 0-1: Ball 1-1: Foul Ball, location: 2F 1-2: Ball 2-2: Fly out, F9 (Line Drive, 89M, EV 89.4 MPH)
|
|
Batting: RHB Josh Asch
|
0-0: Foul Ball, location: 2F 0-1: DOUBLE (Line Drive, 7LM, EV 92.5 MPH) Jerry Blas scores
|
|
Batting: RHB Alvaro Romero
|
0-0: Ball 1-0: Ball 2-0: Ball 3-0: Base on Balls
|
|
Batting: RHB Hugo Torrez
|
0-0: Called Strike 0-1: SINGLE (Line Drive, 9S, EV 105.0 MPH) Josh Asch to third Alvaro Romero to second Runner from 3rd tries for Home, SAFE, throw by RF to home Alvaro Romero to third Hugo Torrez to second
|
|
Batting: RHB Ryan Bush
|
0-0: SINGLE (Line Drive, 6MD, EV 97.5 MPH) Alvaro Romero scores Hugo Torrez to third
|
|
Batting: RHB Taylor Garofalo
|
0-0: Called Strike 0-1: Ball Wild Pitch! Hugo Torrez scores Ryan Bush to second 1-1: Ball 2-1: Ball 3-1: Called Strike 3-2: Foul Ball, location: 2F 3-2: Base on Balls
|
|
Pitching: RHP Rory Bornt
|
|
|
Batting: RHB Tim Long
|
0-0: Called Strike 0-1: Ball 1-1: Ball 2-1: Foul Ball, location: 2F 2-2: Foul Ball, location: 2F 2-2: Foul Ball, location: 2F 2-2: Foul Ball, location: 2F 2-2: Ball 3-2: Foul Ball, location: 2F 3-2: SINGLE (Line Drive, 78S, EV 89.4 MPH) Ryan Bush to third Taylor Garofalo to second
|
|
Batting: RHB Bill Holmes
|
0-0: Called Strike 0-1: Swinging Strike 0-2: Strikes out looking
|
|
Batting: RHB Jerry Blas
|
0-0: Fielders Choice at 2nd, 5-4 (Groundball, 56, EV 88.8 MPH)
|
| Top of the 5th over - 4 runs, 5 hits, 0 errors, 3 left on base; Eugene 5 - Hillsboro 10 |
| BOTTOM OF THE 5TH |
|
Hillsboro Hops batting - Pitching for Eugene Emeralds : RHP Carlos Zavala
|
|
Batting: RHB Antonio Luisa
|
0-0: Ball 1-0: Ball 2-0: Foul Ball, location: 2F 2-1: Foul Ball, location: 2F 2-2: Ball 3-2: Base on Balls
|
|
Batting: LHB Ivan Cortez
|
0-0: Ball 1-0: Called Strike Antonio Luisa is caught stealing 2nd base 2-6 1-1: SINGLE (Groundball, 3D, EV 103.1 MPH)
|
|
Batting: RHB Trevor Corey
|
0-0: Called Strike 0-1: SINGLE (Line Drive, 34D, EV 96.2 MPH) Ivan Cortez to second Runner from 2nd tries for 3rd, SAFE, throw by RF made to third
|
|
Batting: RHB Brandon Joshua
|
0-0: Called Strike 0-1: Foul Ball, location: 2F 0-2: Ball 1-2: Ball 2-2: Strikes out swinging
|
|
Batting: LHB Soo-yeon Kym
|
0-0: Ball 1-0: Ball 2-0: Ball 3-0: Swinging Strike 3-1: Base on Balls Trevor Corey to second
|
|
Batting: RHB Wen-hua Lei
|
0-0: Swinging Strike 0-1: Ball 1-1: Swinging Strike 1-2: Strikes out swinging
|
| Bottom of the 5th over - 0 runs, 2 hits, 0 errors, 3 left on base; Eugene 5 - Hillsboro 10 |
| TOP OF THE 6TH |
|
Eugene Emeralds batting - Pitching for Hillsboro Hops : RHP Rory Bornt
|
|
Batting: RHB Roy Battist
|
0-0: Called Strike 0-1: DOUBLE (Line Drive, 89D, EV 109.4 MPH)
|
|
Batting: RHB Josh Asch
|
0-0: Ball 1-0: Ball 2-0: Called Strike 2-1: Swinging Strike 2-2: Foul Ball, location: 2F 2-2: Strikes out looking
|
|
Pitching: RHP Jake Priest
|
|
|
Batting: RHB Alvaro Romero
|
0-0: Ball 1-0: Ball Wild Pitch! Roy Battist to third 2-0: Called Strike 2-1: SINGLE (Groundball, 56D, EV 102.5 MPH) Roy Battist scores
|
|
Batting: RHB Hugo Torrez
|
0-0: Ball Alvaro Romero steals 2nd base 1-0: SINGLE (Flyball, 8LS, EV 92.5 MPH) Alvaro Romero to third
|
|
Batting: RHB Ryan Bush
|
0-0: Hit by Pitch Hugo Torrez to second
|
|
Batting: RHB Taylor Garofalo
|
0-0: Swinging Strike 0-1: Swinging Strike 0-2: Ball 1-2: DOUBLE (Flyball, 89D, EV 111.2 MPH) Alvaro Romero scores Hugo Torrez scores Ryan Bush to third
|
|
Batting: RHB Tim Long
|
0-0: Swinging Strike 0-1: Swinging Strike 0-2: Strikes out swinging
|
|
Batting: RHB Bill Holmes
|
0-0: Ball 1-0: Foul Ball, location: 2F 1-1: Swinging Strike 1-2: Ball 2-2: Strikes out swinging
|
| Top of the 6th over - 3 runs, 4 hits, 0 errors, 2 left on base; Eugene 8 - Hillsboro 10 |
| BOTTOM OF THE 6TH |
|
Hillsboro Hops batting - Pitching for Eugene Emeralds : RHP Carlos Zavala
|
|
Batting: RHB Ian Sousa
|
0-0: Foul Ball, location: 2F 0-1: Foul Ball, location: 2F 0-2: Ball 1-2: Ball 2-2: Ball 3-2: Foul Ball, location: 2F 3-2: Base on Balls
|
|
Batting: RHB Josh Burrows
|
0-0: DOUBLE (Line Drive, 89XD, EV 103.1 MPH) Ian Sousa to third
|
|
Batting: RHB Jeremy Adams
|
0-0: Ball 1-0: Foul Ball, location: 2F 1-1: Ball 2-1: Ball 3-1: Called Strike 3-2: Base on Balls
|
|
Batting: RHB Antonio Luisa
|
0-0: Ball 1-0: Ball 2-0: Called Strike 2-1: Foul Ball, location: 2F 2-2: Ball 3-2: Foul Ball, location: 2F 3-2: SINGLE (Line Drive, 8RS, EV 103.8 MPH) Ian Sousa scores Josh Burrows to third Jeremy Adams to second
|
|
Batting: LHB Ivan Cortez
|
0-0: Swinging Strike 0-1: DOUBLE (Flyball, 5D, EV 100.0 MPH) Josh Burrows scores Jeremy Adams scores Antonio Luisa to third Runner from 3rd tries for Home, SAFE, throw by LF to trailing runner, OUT at third! 7-3-5
|
|
Batting: RHB Trevor Corey
|
0-0: Ball 1-0: Swinging Strike 1-1: Ball 2-1: Called Strike 2-2: Foul Ball, location: 2F 2-2: Strikes out swinging
|
|
Pitching: RHP Juan Bonilla
|
|
|
Batting: RHB Brandon Joshua
|
0-0: Called Strike 0-1: Ground out 4-3 (Groundball, 4, EV 105.0 MPH)
|
| Bottom of the 6th over - 4 runs, 3 hits, 0 errors, 0 left on base; Eugene 8 - Hillsboro 14 |
| TOP OF THE 7TH |
|
Eugene Emeralds batting - Pitching for Hillsboro Hops : RHP Jake Priest
|
|
Batting: RHB Jerry Blas
|
0-0: Foul Ball, location: 2F 0-1: Ball 1-1: Foul Ball, location: 2F 1-2: Foul Ball, location: 2F 1-2: Ground out 4-3 (Groundball, 4, EV 85.0 MPH)
|
|
Pitching: RHP Alan Muth
|
|
|
Batting: RHB Roy Battist
|
0-0: Ball 1-0: Ball 2-0: Called Strike 2-1: Ball 3-1: Base on Balls
|
|
Batting: RHB Josh Asch
|
0-0: Called Strike 0-1: Foul Ball, location: 2F 0-2: Foul Ball, location: 2F 0-2: Ball 1-2: Ball 2-2: Foul Ball, location: 2F 2-2: Strikes out looking
|
|
Batting: RHB Alvaro Romero
|
0-0: Called Strike 0-1: Ball 1-1: Ball 2-1: Ball 3-1: Fly out, F8 (Line Drive, 8RM, EV 92.5 MPH)
|
| Top of the 7th over - 0 runs, 0 hits, 0 errors, 1 left on base; Eugene 8 - Hillsboro 14 |
| BOTTOM OF THE 7TH |
|
Hillsboro Hops batting - Pitching for Eugene Emeralds : RHP Juan Bonilla
|
|
Batting: LHB Soo-yeon Kym
|
0-0: Ball 1-0: Ball 2-0: Ball 3-0: Base on Balls
|
|
Batting: RHB Wen-hua Lei
|
0-0: Foul Ball, location: 2F 0-1: Fly out, F8 (Flyball, 8RM, EV 92.5 MPH)
|
|
Batting: RHB Ian Sousa
|
0-0: SINGLE (Line Drive, 8RS, EV 98.1 MPH) Soo-yeon Kym to second
|
|
Batting: RHB Josh Burrows
|
0-0: Ball 1-0: Foul Ball, location: 2F 1-1: Called Strike 1-2: Foul Ball, location: 2F 1-2: Fly out, F6 (Popup, 6M, EV 74.4 MPH)
|
|
Batting: RHB Jeremy Adams
|
0-0: Ball 1-0: Ball 2-0: Foul Ball, location: 2F 2-1: Ball 3-1: Foul Ball, location: 2F 3-2: Fly out, F8 (Flyball, 8LD, EV 101.9 MPH)
|
| Bottom of the 7th over - 0 runs, 1 hit, 0 errors, 2 left on base; Eugene 8 - Hillsboro 14 |
| TOP OF THE 8TH |
|
Eugene Emeralds batting - Pitching for Hillsboro Hops : RHP Alan Muth
|
|
Batting: RHB Hugo Torrez
|
0-0: Ball 1-0: Fly out, F8 (Flyball, 8LD, EV 103.8 MPH)
|
|
Pitching: RHP Ronnie DeAngelo
|
|
|
Batting: RHB Ryan Bush
|
0-0: Swinging Strike 0-1: SINGLE (Groundball, 6D, EV 98.8 MPH)
|
|
Batting: RHB Taylor Garofalo
|
0-0: Ball 1-0: Grounds into double play, 4-6-3 (Groundball, 4, EV 81.2 MPH)
|
| Top of the 8th over - 0 runs, 1 hit, 0 errors, 0 left on base; Eugene 8 - Hillsboro 14 |
| BOTTOM OF THE 8TH |
|
Hillsboro Hops batting - Pitching for Eugene Emeralds : RHP Juan Bonilla
|
|
Batting: RHB Antonio Luisa
|
0-0: Foul Ball, location: 2F 0-1: Ball 1-1: Swinging Strike 1-2: Ball 2-2: Ball 3-2: Base on Balls
|
|
Batting: LHB Ivan Cortez
|
Balk! Antonio Luisa to second 0-0: Ball 1-0: Ball 2-0: Called Strike Balk! Antonio Luisa to third 2-1: Ball 3-1: SINGLE (Line Drive, 8LS, EV 102.5 MPH) Antonio Luisa scores
|
|
Batting: RHB Trevor Corey
|
Balk! Ivan Cortez to second 0-0: Fly out, F6 (Flyball, 6D, EV 83.1 MPH)
|
|
Batting: RHB Brandon Joshua
|
0-0: Called Strike 0-1: Ball 1-1: Ball 2-1: Called Strike 2-2: Ground out 4-3 (Groundball, 4M, EV 90.6 MPH) Ivan Cortez to third
|
|
Batting: LHB Soo-yeon Kym
|
0-0: Foul Ball, location: 2F 0-1: Ball 1-1: Ball Wild Pitch! Ivan Cortez scores 2-1: Swinging Strike 2-2: Foul Ball, location: 2F 2-2: Ball 3-2: Base on Balls
|
|
Batting: RHB Wen-hua Lei
|
0-0: Ball 1-0: Ball 2-0: Called Strike 2-1: Swinging Strike 2-2: Ball Wild Pitch! Soo-yeon Kym to second 3-2: Base on Balls
|
|
Batting: RHB Ian Sousa
|
0-0: DOUBLE (Line Drive, 9LD, EV 110.0 MPH) Soo-yeon Kym scores Wen-hua Lei to third Runner from 3rd tries for Home, SAFE, throw by RF to trailing runner, SAFE at third!
|
|
Pitching: RHP Josh Burns
|
|
|
Batting: RHB Josh Burrows
|
0-0: Foul Ball, location: 2F 0-1: Ball 1-1: Ball 2-1: Ball 3-1: Base on Balls
|
|
Batting: RHB Jeremy Adams
|
0-0: Foul Ball, location: 2F 0-1: Ball 1-1: 3-RUN HOME RUN (Flyball, 78XD, EV 114.4 MPH), Distance : 461 ft
|
|
Batting: RHB Antonio Luisa
|
0-0: Called Strike 0-1: Fly out, F7 (Flyball, 7S, EV 91.9 MPH)
|
| Bottom of the 8th over - 7 runs, 3 hits, 0 errors, 0 left on base; Eugene 8 - Hillsboro 21 |
| TOP OF THE 9TH |
|
Eugene Emeralds batting - Pitching for Hillsboro Hops : RHP Ronnie DeAngelo
|
|
Batting: RHB Tim Long
|
0-0: Ball 1-0: Foul Ball, location: 2F 1-1: Ball 2-1: Ball 3-1: Base on Balls
|
|
Batting: RHB Bill Holmes
|
0-0: Foul Ball, location: 2F 0-1: Called Strike 0-2: Ball 1-2: Ball 2-2: Ball 3-2: Foul Ball, location: 2F 3-2: Foul Ball, location: 2F 3-2: Foul Ball, location: 2F 3-2: Strikes out looking
|
|
Batting: RHB Mike Larson
|
0-0: Called Strike 0-1: Ball 1-1: Ball 2-1: Grounds into double play, 4-6-3 (Groundball, 4, EV 81.9 MPH)
|
| Top of the 9th over - 0 runs, 0 hits, 0 errors, 0 left on base; Eugene 8 - Hillsboro 21 |
|